 Dungeon Crawl Stone Soup version 0.24-a0-537-g2d01d4ab0a (webtiles) character file.

Game seed: 10360065201035296421

280 Gynju the Sneak (level 6, 0/28 HPs)
             Began as a Spriggan Enchanter on Aug 14, 2019.
             Slain by a megabat (1 damage)
             ... on level 3 of the Dungeon.
             The game lasted 00:05:38 (3172 turns).

Gynju the Sneak (Spriggan Enchanter)                Turns: 3172, Time: 00:05:38

Health: 0/28       AC:  2    Str:  4    XL:     6   Next: 5%
Magic:  6/13       EV: 18    Int: 18    God:
Gold:   184        SH:  0    Dex: 17    Spells: 10/13 levels left

rFire    . . .     SeeInvis +   a - +1 dagger
rCold    . . .     Gourm    .   (shield restricted)
rNeg     . . .     Faith    .   b - +0 robe
rPois    .         Spirit   .   (helmet restricted)
rElec    .         Reflect  .   (no cloak)
rCorr    .         Harm     .   (gloves unavailable)
MR       +....                  (boots unavailable)
Stlth    +++.......             (no amulet)
HPRegen  0.09/turn              (no ring)
MPRegen  0.13/turn              (no ring)

@: very quick
A: very small, unfitting armour, see invisible, herbivore, speed 3, slow
metabolism 2
a: no special abilities


You were on level 3 of the Dungeon.
You were near starving.

You visited 1 branch of the dungeon, and saw 3 of its levels.
You also visited: Sewer.

You collected 184 gold pieces.

Inventory:

Hand Weapons
 a - a +1 dagger (weapon)
Missiles
 f - 129 stones
 g - 64 poisoned darts (quivered)
Armour
 b - a +0 robe (worn)
Scrolls
 c - 5 scrolls of remove curse {unknown}
 h - 2 scrolls of identify {unknown}
 i - a scroll of fog {unknown}
 k - a scroll of fear {unknown}
 p - a scroll of blinking {unknown}
 q - a scroll of enchant armour {unknown}
 s - a scroll of random uselessness {unknown}
Potions
 e - 4 potions of flight {unknown}
 j - a potion of mutation {unknown}
 l - a potion of resistance {unknown}
 m - a potion of haste {unknown}
 n - 4 potions of curing {unknown}
 o - a potion of heal wounds {unknown}
 r - 3 potions of agility {unknown}
Comestibles
 d - 9 rations


   Skills:
 - Level 1.1 Short Blades
 - Level 3.0 Dodging
 + Level 6.5 Stealth
 + Level 4.4 Spellcasting
 * Level 6.3 Hexes


You had 10 spell levels left.
You knew the following spells:

 Your Spells              Type           Power        Failure   Level  Hunger
a - Corona                Hex            ####...      1%          1    None
b - Ensorcelled Hibernat  Hex/Ice        ###...       6%          2    #......

Your spell library contained the following spells:

 Spells                   Type           Power        Failure   Level  Hunger
 Confuse                  Hex            ####....     3%          3    ###....
 Tukima's Dance           Hex            ####....     3%          3    ###....
 Dazzling Spray           Conj/Hex       ###...       12%         3    ###....


Dungeon Overview and Level Annotations

Branches:
Dungeon (3/15)

Altars:


Innate Abilities, Weirdness & Mutations

You are very small and have problems with some larger weapons.
You are too small for most types of armour.
You have supernaturally acute eyesight. (SInv)
You are a herbivore.
You cover ground extremely quickly.
You need to consume almost no food.


Message History

You hit the skeletal bat.
You destroy the skeletal bat!
The megabat hits you.
* * * LOW HITPOINT WARNING * * *
The rotten bat closely misses you. The megabat misses you.
The rotten bat hits you but does no damage.
The megabat completely misses you.
You hit the rotten bat.
The rotten bat is lightly damaged.
The microbat misses you. The rotten bat closely misses you.
The rotten bat hits you but does no damage.
The megabat barely misses you.
The rotten bat hits you but does no damage.
You completely miss the rotten bat.
The rotten bat is lightly damaged.
The megabat misses you. The megabat barely misses you.
The rotten bat barely misses you. The megabat misses you.
The rotten bat hits you but does no damage.
The megabat hits you.
You die...

# #.............# ###
#.## # ##........#.......
#..#
############..###........
##.# ........# ##.#
##.......######..
##...####
#.#######.....#(......
#..## #.##†.#
#....#.#####. #..#
#...#######...# ## #..#
##.bZ#bb.# ### ####
#.##@# #.. #.###b# #.#
.## ..# #.. .F b$#
######## .# ### #.......
#. #.⌠.⌠.⌠. #.......
#<...... #.......


You could see a fire bat, a rotten bat, a giga bat (sleeping) and 3 megabats.

Vanquished Creatures
  A big kobold (Sewer)
  A bullfrog (D:3)
  A scorpion (D:2)
  An adder (D:2)
  2 river rats (Sewer)
  An ooze (D:1)
  A worm (D:2)
  2 dart slugs
  3 leopard geckos
  An orc (D:3)
  2 ball pythons
  7 bats
  2 bat skeletons (D:3)
  6 giant cockroaches
  5 hobgoblins
  A jackal (Sewer)
  10 kobolds
  5 frilled lizards
  4 goblins
  4 rats
60 creatures vanquished.

Notes
Turn   | Place    | Note
-------+----------+-------------------------------------------
     0 | D:1      | Gynju the Spriggan Enchanter began the quest for the Orb.
     0 | D:1      | Reached XP level 1. HP: 9/9 MP: 5/5
   671 | D:1      | Reached XP level 2. HP: 13/13 MP: 6/6
   675 | D:1      | Learned a level 2 spell: Ensorcelled Hibernation
  1288 | D:1      | Reached skill level 5 in Stealth
  1433 | D:1      | Reached XP level 3. HP: 16/16 MP: 8/8
  1485 | D:2      | Noticed a scorpion
  1497 | D:2      | Killed a scorpion
  1497 | D:2      | Reached skill level 5 in Hexes
  1497 | D:2      | Reached XP level 4. HP: 21/21 MP: 0/10
  2375 | D:3      | Found a glowing drain.
  2431 | Sewer    | Entered a sewer
  2689 | Sewer    | Noticed a big kobold
  2731 | Sewer    | Reached XP level 5. HP: 16/24 MP: 8/11
  2948 | Sewer    | Found a white marble altar of Elyvilon.
  3161 | D:3      | Reached XP level 6. HP: 8/28 MP: 4/13
  3170 | D:3      | HP: 1/28 [megabat (1)]
  3172 | D:3      | Slain by a megabat

Levels and vault maps discovered:
D:1:      wander_arrival_abandoned_jail, layout_loops_ring,
          hangedman_glass_teeth
D:2:      layout_basic
D:3:      layout_basic, portal_sewer_entry_f, grunt_ministairs_3,
          hex_intersection, goddamned_bats

Skill      XL: |  1  2  3  4  5 |
---------------+----------------+-----
Hexes          | 4 5 6 |  6.3
Spellcasting   | 3 4 |  4.4
Stealth        | 5 6 |  6.5
Short Blades   | |  1.1
Dodging        | |  3.0

Action                   |  1- 3 |  4- 6 || total
-------------------------+-------+-------++-------
Melee: Dagger            |    72 |    93 ||   165
Throw: Dart              |       |     9 ||     9
       Stone             |       |     1 ||     1
 Cast: Ensorcelled Hiber |    15 |    19 ||    34
 Stab: Sleeping          |    13 |    18 ||    31
Armor: Robe              |     6 |    20 ||    26
Dodge: Dodged            |    48 |   119 ||   167

Table legend:
 A = Non-vault XP
 B = Vault XP
 C = Vault XP percentage of total XP
 D = Non-vault monster count
 E = Vault monster count
 F = Vault count percentage of total count
                 A         B        C        D         E       F
            +---------+---------+-------+---------+---------+-------
      Total |     241 |     160 |  39.9 |      38 |      22 |  36.7
            +---------+---------+-------+---------+---------+-------
        D:1 |      43 |       0 |   0.0 |      23 |       0 |   0.0
        D:2 |     100 |       0 |   0.0 |      12 |       0 |   0.0
        D:3 |      98 |      27 |  21.6 |       3 |      12 |  80.0
      Sewer |       0 |     133 | 100.0 |       0 |      10 | 100.0
            +---------+---------+-------+---------+---------+-------
